3L
PANAMA CITY PIRANHAS @ LONE STAR BC
07/30/2019
 
TOP OF THE 1ST
Panama City Piranhas batting - Pitching for Lone Star BC : RHP Cisco Cruz
Pitching: RHP Cisco Cruz
Batting: LHB Arturo Guzmán 0-0: Ball
1-0: Foul Ball, location: 2F
1-1: Ball
2-1: SINGLE (Groundball, 34D)
Batting: RHB Jeff Bass 0-0: Called Strike
0-1: Foul Ball, location: 2F
0-2: Ball
1-2: Foul Ball, location: 2F
1-2: Ball
2-2: Strikes out looking
Batting: SHB Marc Talamante 0-0: Foul Ball, location: 2F
0-1: Called Strike
0-2: Strikes out swinging
Batting: RHB Hal Romaine 0-0: Called Strike
0-1: Called Strike
0-2: Ball
Wild Pitch!
Arturo Guzmán to second
1-2: Foul Ball, location: 2F
1-2: Foul Ball, location: 2F
1-2: Ground out 6-3 (Groundball, 6)
Top of the 1st over - 0 run(s), 1 hit(s), 0 error(s), 1 left on base; Panama City 0 - Lone Star 0
BOTTOM OF THE 1ST
Lone Star BC batting - Pitching for Panama City Piranhas : LHP Mike Benjamin
Pitching: LHP Mike Benjamin
Batting: RHB Nathan Clay 0-0: Called Strike
0-1: Foul Ball, location: 2F
0-2: Ball
1-2: Fly out, F7 (Line Drive, 78M)
Batting: SHB Leonard O'Connor 0-0: Fly out, F8 (Flyball, 8LD)
Batting: RHB Vicente Toro 0-0: Swinging Strike
0-1: Fly out, F6 (Popup, 6D)
Bottom of the 1st over - 0 run(s), 0 hit(s), 0 error(s), 0 left on base; Panama City 0 - Lone Star 0
TOP OF THE 2ND
Panama City Piranhas batting - Pitching for Lone Star BC : RHP Cisco Cruz
Batting: LHB Miguel Martínez 0-0: Foul Ball, location: 2F
0-1: Swinging Strike
0-2: Foul Ball, location: 2F
0-2: Ball
1-2: Ball
2-2: Ground out 4-3 (Groundball, 4M)
Batting: RHB Joel Lee 0-0: Ball
1-0: Ball
2-0: Called Strike
2-1: Foul Ball, location: 2F
2-2: Ball
3-2: Ground out 4-3 (Groundball, 34)
Batting: LHB Melvin Castro 0-0: Ball
1-0: Ball
2-0: Called Strike
2-1: Ball
3-1: Base on Balls
Batting: SHB Theodore Buck 0-0: Fly out, F9 (Line Drive, 9M)
Top of the 2nd over - 0 run(s), 0 hit(s), 0 error(s), 1 left on base; Panama City 0 - Lone Star 0
BOTTOM OF THE 2ND
Lone Star BC batting - Pitching for Panama City Piranhas : LHP Mike Benjamin
Batting: SHB Virgil Eberle 0-0: Ball
1-0: Ball
2-0: Called Strike
2-1: DOUBLE (Line Drive, 7LD)
Batting: RHB Luis Mendoza 0-0: Ground out 6-3 (Groundball, 6)
Virgil Eberle to third
Batting: RHB Brian Williams 0-0: Foul Ball, location: 2F
0-1: Ball
1-1: Foul Ball, location: 2F
1-2: SINGLE (Line Drive, 4M)
Virgil Eberle scores
Batting: RHB Tanyu Kimura 0-0: Called Strike
0-1: Ball
1-1: Swinging Strike
1-2: Ball
2-2: Fly out, F7 (Flyball, 7S)
Batting: RHB Cisco Cruz 0-0: Foul Ball, location: 2F
0-1: Foul Ball, location: 2F
0-2: Ball
1-2: Foul Ball, location: 2F
1-2: Foul Ball, location: 2F
1-2: Foul Ball, location: 2F
1-2: Fielders Choice at 2nd, 5-4 (Groundball, 56)
Bottom of the 2nd over - 1 run(s), 2 hit(s), 0 error(s), 0 left on base; Panama City 0 - Lone Star 1
TOP OF THE 3RD
Panama City Piranhas batting - Pitching for Lone Star BC : RHP Cisco Cruz
Batting: LHB Mike Benjamin 0-0: Ball
1-0: Ground out 3-1 (Groundball, 34)
Batting: LHB Arturo Guzmán 0-0: Foul Ball, location: 2F
0-1: Foul Ball, location: 2F
0-2: Ball
1-2: Foul Ball, location: 2F
1-2: Strikes out swinging
Batting: RHB Jeff Bass 0-0: Ball
1-0: Fly out, F8 (Flyball, 8RM)
Top of the 3rd over - 0 run(s), 0 hit(s), 0 error(s), 0 left on base; Panama City 0 - Lone Star 1
BOTTOM OF THE 3RD
Lone Star BC batting - Pitching for Panama City Piranhas : LHP Mike Benjamin
Batting: RHB Soseki Matsunaga 0-0: Ball
1-0: Ball
2-0: Called Strike
2-1: Called Strike
2-2: Foul Ball, location: 2F
2-2: Reached on error, E6 (Groundball, 6)
Batting: RHB Nathan Clay 0-0: Ball
1-0: Ball
2-0: Foul Ball, location: 2F
2-1: Ball
3-1: SINGLE (Line Drive, 4MD)
Soseki Matsunaga to third
Runner from 3rd tries for Home, SAFE, no throw or cutoff
Batting: SHB Leonard O'Connor 0-0: Called Strike
Nathan Clay is caught stealing 2nd base
0-1: Foul Ball, location: 2F
0-2: Foul Ball, location: 2F
0-2: Ball
1-2: Ball
2-2: Ground out 6-3 (Groundball, 6M)
Batting: RHB Vicente Toro 0-0: Ball
1-0: Swinging Strike
1-1: Fly out, F9 (Flyball, 9LM)
Bottom of the 3rd over - 1 run(s), 1 hit(s), 1 error(s), 0 left on base; Panama City 0 - Lone Star 2
TOP OF THE 4TH
Panama City Piranhas batting - Pitching for Lone Star BC : RHP Cisco Cruz
Batting: SHB Marc Talamante 0-0: Called Strike
0-1: Ball
1-1: Ball
2-1: Fly out, F7 (Line Drive, 7S)
Batting: RHB Hal Romaine 0-0: Called Strike
0-1: Ball
1-1: Ball
2-1: Called Strike
2-2: Foul Ball, location: 2F
2-2: Strikes out swinging
Batting: LHB Miguel Martínez 0-0: Ball
1-0: Ground out 4-3 (Groundball, 4)
Top of the 4th over - 0 run(s), 0 hit(s), 0 error(s), 0 left on base; Panama City 0 - Lone Star 2
BOTTOM OF THE 4TH
Lone Star BC batting - Pitching for Panama City Piranhas : LHP Mike Benjamin
Batting: SHB Virgil Eberle 0-0: Called Strike
0-1: Foul Ball, location: 2F
0-2: Strikes out swinging
Batting: RHB Luis Mendoza 0-0: Ball
1-0: Ball
2-0: Ball
3-0: Called Strike
3-1: Base on Balls
Batting: RHB Brian Williams 0-0: Ball
1-0: Foul Ball, location: 2F
1-1: Swinging Strike
1-2: Foul Ball, location: 2F
1-2: Ball
2-2: Foul Ball, location: 2F
2-2: SINGLE (Flyball, 6MD)
Luis Mendoza to second
Batting: RHB Tanyu Kimura 0-0: Ball
1-0: Ball
Wild Pitch!
Luis Mendoza to third
Brian Williams to second
2-0: Called Strike
2-1: Fly out, F8 (Flyball, 8LD)
Runner from 3rd tags up, SCORES, no throw
Batting: RHB Cisco Cruz 0-0: Foul Ball, location: 2F
0-1: Ball
1-1: Ball
2-1: Called Strike
2-2: Ball
3-2: Foul Ball, location: 2F
3-2: Base on Balls
Batting: RHB Soseki Matsunaga 0-0: Ball
1-0: Ball
2-0: Called Strike
2-1: Ground out 1-3 (Groundball, 25)
Bottom of the 4th over - 1 run(s), 1 hit(s), 0 error(s), 2 left on base; Panama City 0 - Lone Star 3
TOP OF THE 5TH
Panama City Piranhas batting - Pitching for Lone Star BC : RHP Cisco Cruz
Batting: RHB Joel Lee 0-0: Foul Ball, location: 2F
0-1: Ball
1-1: Called Strike
1-2: Foul Ball, location: 2F
1-2: Strikes out swinging
Batting: LHB Melvin Castro 0-0: Called Strike
0-1: Foul Ball, location: 2F
0-2: Ball
1-2: Foul Ball, location: 2F
1-2: Ground out 4-3 (Groundball, 4)
Batting: SHB Theodore Buck 0-0: SINGLE (Groundball, 4MD)
Batting: LHB Mike Benjamin 0-0: Ground out 4-3 (Groundball, 4)
Top of the 5th over - 0 run(s), 1 hit(s), 0 error(s), 1 left on base; Panama City 0 - Lone Star 3
BOTTOM OF THE 5TH
Lone Star BC batting - Pitching for Panama City Piranhas : LHP Mike Benjamin
Batting: RHB Nathan Clay 0-0: Ground out 5-3 (Groundball, 56)
Batting: SHB Leonard O'Connor 0-0: Called Strike
0-1: Foul Ball, location: 2F
0-2: Strikes out swinging
Batting: RHB Vicente Toro 0-0: Fly out, F6 (Popup, 56)
Bottom of the 5th over - 0 run(s), 0 hit(s), 0 error(s), 0 left on base; Panama City 0 - Lone Star 3
TOP OF THE 6TH
Panama City Piranhas batting - Pitching for Lone Star BC : RHP Cisco Cruz
Batting: LHB Arturo Guzmán 0-0: Ball
1-0: Foul Ball, location: 2F
1-1: Ground out 5-3 (Groundball, 56)
Batting: RHB Jeff Bass 0-0: Ball
1-0: Called Strike
1-1: Ball
2-1: Ball
3-1: Fly out, F8 (Flyball, 8RXD)
Batting: SHB Marc Talamante 0-0: Swinging Strike
0-1: Swinging Strike
0-2: Strikes out swinging
Top of the 6th over - 0 run(s), 0 hit(s), 0 error(s), 0 left on base; Panama City 0 - Lone Star 3
BOTTOM OF THE 6TH
Lone Star BC batting - Pitching for Panama City Piranhas : LHP Mike Benjamin
Batting: SHB Virgil Eberle 0-0: Ball
1-0: Foul Ball, location: 2F
1-1: Called Strike
1-2: Ball
2-2: SINGLE (Line Drive, 4MD)
Batting: RHB Luis Mendoza 0-0: Called Strike
0-1: Foul Ball, location: 2F
0-2: Foul Ball, location: 2F
0-2: Fielders Choice at 2nd, 6-4 (Groundball, 56)
Batting: RHB Brian Williams 0-0: Ball
1-0: Grounds into double play, 4-6-3 (Groundball, 34)
Bottom of the 6th over - 0 run(s), 1 hit(s), 0 error(s), 0 left on base; Panama City 0 - Lone Star 3
TOP OF THE 7TH
Panama City Piranhas batting - Pitching for Lone Star BC : RHP Cisco Cruz
Batting: RHB Hal Romaine 0-0: Ball
1-0: Ball
2-0: Foul Ball, location: 2F
2-1: Swinging Strike
2-2: Foul Ball, location: 2F
2-2: Strikes out swinging
Batting: LHB Miguel Martínez 0-0: Ball
1-0: Ball
2-0: Called Strike
2-1: Fly out, F8 (Line Drive, 8LM)
Batting: RHB Joel Lee 0-0: Ball
1-0: DOUBLE (Line Drive, 8LM)
Batting: LHB Melvin Castro 0-0: Called Strike
0-1: Foul Ball, location: 2F
0-2: Strikes out swinging
Top of the 7th over - 0 run(s), 1 hit(s), 0 error(s), 1 left on base; Panama City 0 - Lone Star 3
BOTTOM OF THE 7TH
Lone Star BC batting - Pitching for Panama City Piranhas : LHP Mike Benjamin
Batting: RHB Tanyu Kimura 0-0: Ball
1-0: Ball
2-0: Foul Ball, location: 2F
2-1: Ball
3-1: Swinging Strike
3-2: Foul Ball, location: 2F
3-2: Foul Ball, location: 2F
3-2: Foul Ball, location: 2F
3-2: Ground out 5-3 (Groundball, 5)
Pinch Hitting: RHB Henry Potts 0-0: Ball
1-0: Fly out, F7 (Flyball, 7D)
Batting: RHB Soseki Matsunaga 0-0: Ball
1-0: Ball
2-0: Foul Ball, location: 2F
2-1: Ball
3-1: Fly out, F8 (Flyball, 8LD)
Bottom of the 7th over - 0 run(s), 0 hit(s), 0 error(s), 0 left on base; Panama City 0 - Lone Star 3
TOP OF THE 8TH
Panama City Piranhas batting - Pitching for Lone Star BC : RHP Cisco Cruz
Pitching: RHP Ramón Aguilera
Now at 1B: Jeff Sharp
Now at SS: Jake Hutchinson
Now in LF: Ray Merrill
Batting: SHB Theodore Buck 0-0: Ball
1-0: Called Strike
1-1: Ball
2-1: Ball
3-1: Foul Ball, location: 2F
3-2: Strikes out looking
Pinch Hitting: RHB Pete Knight 0-0: Ball
1-0: Called Strike
1-1: Swinging Strike
1-2: Fly out, F5 (Line Drive, 56)
Batting: LHB Arturo Guzmán 0-0: Swinging Strike
0-1: Ball
1-1: Foul Ball, location: 2F
1-2: Strikes out swinging
Top of the 8th over - 0 run(s), 0 hit(s), 0 error(s), 0 left on base; Panama City 0 - Lone Star 3
BOTTOM OF THE 8TH
Lone Star BC batting - Pitching for Panama City Piranhas : LHP Mike Benjamin
Pitching: RHP Rubén Ramírez
Batting: RHB Jake Hutchinson 0-0: Ball
1-0: Swinging Strike
1-1: Ball
2-1: Foul Ball, location: 2F
2-2: Ground out 1-3 (Groundball, 13S)
Batting: SHB Leonard O'Connor 0-0: Ball
1-0: Ball
2-0: Ball
3-0: Base on Balls
Batting: LHB Ray Merrill 0-0: Called Strike
0-1: Fly out, F8 (Flyball, 89XD)
Batting: SHB Virgil Eberle 0-0: Called Strike
0-1: Ball
1-1: Fly out, F7 (Flyball, 7S)
Bottom of the 8th over - 0 run(s), 0 hit(s), 0 error(s), 1 left on base; Panama City 0 - Lone Star 3
TOP OF THE 9TH
Panama City Piranhas batting - Pitching for Lone Star BC : RHP Ramón Aguilera
Pitching: RHP Dave Hindman
Batting: RHB Jeff Bass 0-0: Ball
1-0: TRIPLE (Groundball, 3L)
Batting: SHB Marc Talamante 0-0: Called Strike
0-1: Foul Ball, location: 2F
0-2: Strikes out swinging
Batting: RHB Hal Romaine 0-0: Foul Ball, location: 2F
0-1: Ball
1-1: Ball
2-1: Ground out 4-3 (Groundball, 4M)
Jeff Bass scores
Batting: LHB Miguel Martínez 0-0: Foul Ball, location: 2F
0-1: Called Strike
0-2: Ball
1-2: Strikes out swinging
Top of the 9th over - 1 run(s), 1 hit(s), 0 error(s), 0 left on base; Panama City 1 - Lone Star 3
This league is powered by Out of the Park Baseball, the baseball management simulation game for PC, Mac and Linux
Saturday, July 25th, 2015 - OOTP Baseball 15.6 Build 34